 Dungeon Crawl Stone Soup version 0.26-a0-950-g52035dc9a5 (webtiles) character file.

Game seed: 5609612182889446764

25 KristoblXynda the Chucker (level 2, 0/25 HPs)
             Began as a Draconian Hunter on Nov 29, 2020.
             Slain by a goblin
             ... wielding a +0 dagger
              (3 damage)
             ... on level 1 of the Dungeon.
             The game lasted 00:00:41 (200 turns).

KristoblXynda the Chucker (Draconian Hunter)         Turns: 200, Time: 00:00:41

Health: 0/25       AC:  4    Str: 14    XL:     2   Next: 86%
Magic:  2/2        EV: 12    Int: 11    God:
Gold:   33         SH:  0    Dex: 11    Spells: 1/1 levels left

rFire    . . .     SeeInvis .   a - +0 short sword
rCold    . . .     Faith    .   (no shield)
rNeg     . . .     Spirit   .   (armour unavailable)
rPois    .         Reflect  .   (helmet restricted)
rElec    .         Harm     .   (no cloak)
rCorr    .         Rampage  .   (no gloves)
MR       .....                  (no boots)
Stlth    +.........             (no amulet)
HPRegen  0.08/turn              (no ring)
MPRegen  0.08/turn              (no ring)

@: no status effects
A: unfitting armour, cold-blooded, AC +4
a: no special abilities


You were on level 1 of the Dungeon.
You visited 1 branch of the dungeon, and saw 1 of its levels.

You collected 33 gold pieces.

Inventory:

Hand Weapons
 a - a +0 short sword (weapon)
Missiles
 b - 6 javelins (quivered)
 c - 2 throwing nets


   Skills:
 + Level 2.6 Fighting
 + Level 0.8 Short Blades
 + Level 3.8 Throwing
 + Level 2.2 Dodging
 - Level 1.0 Stealth


You had one spell level left.
You didn't know any spells.
Your spell library was empty.

Dungeon Overview and Level Annotations

Branches:
Dungeon (1/15)

Altars:


Innate Abilities, Weirdness & Mutations

Your plain brown scales are hard. (AC +4)
You cannot fit into any form of body armour.
You are cold-blooded and may be slowed by cold attacks.


Message History

You barely miss the leopard gecko.
The leopard gecko is almost dead.
The leopard gecko bites you but does no damage.
The leopard gecko misses you.
You closely miss the leopard gecko.
The leopard gecko is almost dead.
The leopard gecko bites you.
* * * LOW HITPOINT WARNING * * *
You hit the leopard gecko.
You kill the leopard gecko!
You hit the kobold.
You kill the kobold!
The goblin throws a stone.
The stone barely misses you. The goblin hits you with a +0 dagger.
* * * LOW HITPOINT WARNING * * *
Things that are here:
a +0 short sword; a kobold corpse; a leopard gecko corpse The goblin hits you but does no damage.
You closely miss the goblin. The goblin hits you with a +0 dagger.
You die...

. ........?l..P♣..# #.
..#.... ......#
.##.#.).#......#
......##.#. ...#
....#...#......##...##
....##.#...#..†.....#
......###.#...(....#
...
#...#.....†##.....$#
...
#...#...#.@........#
#..#
#....##.#)g.#####+##
...## #......((##.# #
....# #.....#.....# ..
....###.###.#...### .#
........# #.)##.# ..
.....##.# #.....##.#.#
......#.# #..#.......#
.)....#.# #.....#....#


You could see a goblin.

Vanquished Creatures
  A gnoll (D:1)
  An ooze (D:1)
  A leopard gecko (D:1)
  A giant cockroach (D:1)
  3 kobolds (D:1)
  A bat (D:1)
  2 frilled lizards (D:1)
  3 rats (D:1)
13 creatures vanquished.

Notes
Turn   | Place    | Note
-------+----------+-------------------------------------------
     0 | D:1      | KristoblXynda the Draconian Hunter began the quest for the
                  | Orb.
     0 | D:1      | Reached XP level 1. HP: 17/17 MP: 1/1
    26 | D:1      | Reached skill level 1 in Stealth
   144 | D:1      | Reached XP level 2. HP: 25/25 MP: 2/2
   200 | D:1      | Slain by a goblin

Illustrated notes

Levels and vault maps discovered:
D:1:      shiori_arrival_oz, layout_basic, hangedman_decor_points,
          serial_park_tiny_pond, serial_park_tiny_2, minmay_pentomino_w4

Skill      XL: |  1 |
---------------+----+-----
Stealth        | 1 |  1.0
Dodging        | 2 |  2.2
Fighting       | |  2.6
Short Blades   | |  0.8
Throwing       | |  3.8

Action                   || total
-------------------------++-------
Melee: Short sword       ||    42
       Tailslap          ||     6
Throw: Javelin           ||     2
Armor: Skin              ||    15
Dodge: Dodged            ||    36

Table legend: (Time is in decaauts)
 A = Elapsed time spent in this place.
 B = Non-inter-level travel time spent in this place.
 C = Inter-level travel time spent in this place.
 D = Time resting spent in this place.
 E = Time spent auto-exploring this place.
 F = Levels seen in this place.
 G = Mean time per level.
                   A        B        C        D        E       F      G
               +--------+--------+--------+--------+--------+-----+--------+
         Total |    204 |    204 |      0 |     82 |     21 |   1 |  204.0 |
       Dungeon |    204 |    204 |      0 |     82 |     21 |   1 |  204.0 |
               +--------+--------+--------+--------+--------+-----+--------+

Top non-repeatable levels by time:
     D:1: 204 daAuts
